 Dungeon Crawl Stone Soup version 0.30-a0-824-g6c64550be9 (webtiles) character file.

Game seed: 5858659617874088829

33048 cforsyth the Unseen (level 14, 0/82 HPs)
             Began as a Kobold Brigand on Feb 28, 2023.
             Was a High Priest of Hepliaklqana.
             Slain by a frost giant
             ... wielding a +2 battleaxe of freezing
              (22 damage)
             ... in an ice cave.
             The game lasted 00:30:53 (19157 turns).

cforsyth the Unseen (Kobold Brigand)               Turns: 19157, Time: 00:30:54

Health: 0/82       AC: 21    Str: 10    XL:     14   Next: 5%
Magic:  14/14      EV: 24    Int: 12    God:    Hepliaklqana [*****.]
Gold:   935        SH:  0    Dex: 20    Spells: 13/13 levels left

rFire   . . .      SeeInvis .    f - +3 short sword (protect)
rCold   + + .      Faith    .    (no shield)
rNeg    . . .      Spirit   .    U - +0 troll leather armour
rPois   .          Reflect  .    T - +2 helmet
rElec   .          Harm     .    B - +2 cloak
rCorr   .          Rampage  .    F - +2 pair of gloves
Will    +....                    b - +0 pair of boots
Stlth   ++++++++                 (no amulet)
HPRegen 1.13/turn                G - ring of protection from cold
MPRegen 0.14/turn                I - ring of protection from cold

@: under a protective aura, hasted, very quick
A: reduced essence, small, no large weapons, nightstalker 3
a: Renounce Religion, Recall Ancestor, Ancestor Identity, Transference, Idealise


You were in an ice cave.
You worshipped Hepliaklqana.
Hepliaklqana was extremely pleased with you.
You visited 3 branches of the dungeon, and saw 15 of its levels.
You also visited: Sewer, Gauntlet and Ice Cave.

You collected 935 gold pieces.

Inventory:

Hand Weapons
 a - a +2 dagger
 f - a +3 short sword of protection (weapon)
 Q - the +7 shortbow "Gram" {antimagic, rF+ rC+ Will- Dex+2}
   (You took it off a minotaur in a Gauntlet)

   Dex:       It affects your dexterity (+2).
   rF:        It protects you from fire.
   rC:        It protects you from cold.
   Will:      It decreases your willpower.
Missiles
 d - 40 poisoned darts (quivered)
 e - 4 curare-tipped darts
 l - 3 throwing nets
Armour
 b - a +0 pair of boots (worn)
 B - a +2 cloak (worn)
 F - a +2 pair of gloves (worn)
 T - a +2 helmet (worn)
 U - a +0 troll leather armour (worn)
 V - a +1 robe of resistance
Jewellery
 q - the ring of Anarchy {rN++ Will+ Int+3}
   (You took it off a minotaur in a Gauntlet)

   [ring of willpower]

   Int:       It affects your intelligence (+3).
   rN:        It greatly protects you from negative energy.
   Will:      It increases your willpower.
 x - the ring "Obur" {rF+ Will- rCorr Int+4 Slay+3}
   (You found it on level 3 of the Dungeon)

   [ring of resist corrosion]

   Int:       It affects your intelligence (+4).
   Slay:      It affects your accuracy & damage with ranged weapons and melee
   (+3).
   rF:        It protects you from fire.
   rCorr:     It protects you from acid and corrosion.
   Will:      It decreases your willpower.
 E - a ring of ice
 G - a ring of protection from cold (left hand)
 H - a ring of magical power
 I - a ring of protection from cold (right hand)
 L - a ring of resist corrosion
Wands
 g - a wand of digging (13)
 t - a wand of acid (14)
 w - a wand of iceblast (9)
 N - a wand of paralysis (6)
Scrolls
 c - 2 scrolls of fear
 m - 2 scrolls of enchant armour
 n - a scroll of silence
 p - 2 scrolls of brand weapon
 s - a scroll of vulnerability
 u - 3 scrolls of blinking
 v - 3 scrolls of teleportation
 y - 5 scrolls of enchant weapon
 A - 2 scrolls of fog
 D - a scroll of amnesia
 K - 2 scrolls of immolation
 P - a scroll of magic mapping
 R - a scroll of torment
 S - 2 scrolls of poison
Potions
 h - 2 potions of berserk rage
 i - 10 potions of flight
 k - 4 potions of curing
 o - 7 potions of mutation
 r - 7 potions of brilliance
 z - a potion of heal wounds
 C - 2 potions of might
 J - 2 potions of resistance
 M - 2 potions of attraction
 O - 4 potions of lignification


   Skills:
 + Level 12.9 Fighting
 + Level 15.1 Short Blades
 - Level 2.1 Throwing
 + Level 13.8 Dodging
 + Level 16.9 Stealth


You had 13 spell levels left.
You didn't know any spells.
Your spell library contained the following spells:

 Spells                   Type           Power      Damage    Failure   Level
 Sandblast                Erth           0%         2d4       41%         1
 Ensorcelled Hibernation  Hex/Ice        0%         N/A       56%         2
 Lesser Beckoning         Tloc           0%         N/A       56%         2
 Passwall                 Tmut/Erth      0%         N/A       56%         2
 Gell's Gravitas          Tloc           0%         N/A       80%         3
 Hailstorm                Conj/Ice       0%         3d3       80%         3
 Stone Arrow              Conj/Erth      0%         3d7       80%         3
 Swiftness                Air            0%         N/A       80%         3
 Teleport Other           Tloc           0%         N/A       80%         3
 Animate Armour           Summ/Erth      0%         N/A       99%         4
 Ice Form                 Ice/Tmut       0%         N/A       99%         4
 Summon Forest            Summ/Tloc      0%         N/A       100%        5
 Summon Mana Viper        Hex/Summ       0%         N/A       100%        5
 Eringya's Noxious Bog    Tmut/Pois      0%         N/A       100%        6
 Simulacrum               Ice/Necr       0%         N/A       100%        6
 Summon Cactus Giant      Summ           0%         N/A       100%        6
 Summon Hydra             Summ           0%         N/A       100%        7
 Lehudib's Crystal Spear  Conj/Erth      0%         10d2      100%        8


Dungeon Overview and Level Annotations

Branches:
Dungeon (12/15)            Temple (1/1) D:4            Lair (2/5) D:11
 Shoals (0/4) Lair:2          Orc (0/2) D:10          Sewer (visited)
  IceCv (1/1)             Gauntlet (visited)
  Snake: Lair:2-3    Spider: Lair:2-3

Altars:
Ashenzari
Cheibriados
Dithmenos
Elyvilon
Fedhas
Gozag
Hepliaklqana
Kikubaaqudgha
Makhleb
Nemelex Xobeh
Okawaru
Qazlal
Ru
Sif Muna
Trog
Uskayaw
Vehumet
Wu Jian
Xom
Yredelemnul
Zin
The Shining One

Shops:
D:7 =


Innate Abilities, Weirdness & Mutations

Your life essence is reduced to manifest your ancestor. (-10% HP)
You are small and have problems with some larger weapons.
You are completely attuned to the shadows.


Message History

The bolt of cold misses you.
You puncture the frost giant!
The frost giant is severely wounded.
You hit the frost giant but do no damage.
The frost giant is severely wounded.
The frost giant completely misses you.
You hit the frost giant but do no damage.
The frost giant is severely wounded.
You puncture the frost giant!
The frost giant is severely wounded.
You hit the frost giant but do no damage.
The frost giant is severely wounded.
You hit the frost giant but do no damage.
The frost giant is severely wounded.
The frost giant gestures at you while chanting.
The bolt of cold misses you.
You hit the frost giant but do no damage.
The frost giant is severely wounded.
You hit the frost giant.
The frost giant is almost dead.
You hit the frost giant but do no damage.
The frost giant is almost dead.
The frost giant hits you with a +2 battleaxe of freezing!
The frost giant freezes you.
You puncture the frost giant!
The frost giant is almost dead.
You hit the frost giant but do no damage.
The frost giant is almost dead.
You hit the frost giant.
The frost giant is almost dead.
The frost giant hits you with a +2 battleaxe of freezing.
* * * LOW HITPOINT WARNING * * *
You hit the frost giant but do no damage.
The frost giant is almost dead.
You hit the frost giant.
The frost giant is almost dead.
You hit the frost giant.
The frost giant is almost dead.
The frost giant hits you with a +2 battleaxe of freezing!!
You die...

#..###..# ##..## ##..#
#..## #....## #..##
##..# ##.....## #..#
#.## #.......## ##.##
#..# ##........# #..#
##.###........## ###
#.## #..##.....#...###
##.. ##.#
##......##......###...
##..#
##..@C.##.......#....
#..##
##...###....##....##
#..#
#..###....####..###
#.÷# ##.# #.....# ####
#÷## ### #....## #..#
##...## #..# #...##
### ##.## #..#.# ##.##
#..# ##.#.###...##


You could see a frost giant.

Vanquished Creatures
  A minotaur (Gauntlet)
  2 boulder beetles
  6 death yaks (IceCv)
  Amaemon (Lair:1)
  A wizard (Gauntlet)
  2 ugly things
  A deep elf pyromancer (D:8)
  2 cyclopes (D:12)
  An ice statue (IceCv)
  An eye of devastation (Gauntlet)
  An elephant (D:11)
  A black mamba (Lair:1)
  A cane toad (Lair:1)
  3 gargoyles (D:12)
  3 komodo dragons (Lair:1)
  4 rime drakes (IceCv)
  Psyche (D:8)
  An unseen horror (D:11)
  A minotaur zombie (Gauntlet)
  A queen bee (Gauntlet)
  7 trolls
  2 polar bears (IceCv)
  4 slime creatures (D:12)
  3 vampires
  A shadow (D:11)
  20 yaks
  A wyvern (D:9)
  A basilisk (D:12)
  Grum (D:8)
  Menkaure (D:4)
  8 vampire mosquitoes
  Edmund (D:5)
  An acid dragon (D:9)
  A floating eye (Gauntlet)
  5 water moccasins
  Duvessa (D:7)
  2 black bears
  2 sky beasts
  2 orc warriors
  6 centaurs
  2 ogres (D:6)
  9 wolves
  2 lemures (D:4)
  A kobold brigand (D:9)
  6 bullfrogs
  5 scorpions
  A small abomination (Gauntlet)
  A necrophage (D:6)
  3 wights (D:4)
  Dowan (D:7)
  9 killer bees
  3 hounds
  An orc priest (D:6)
  2 jellies
  A gnoll bouda (D:4)
  5 iguanas
  6 orc wizards
  9 gnolls
  12 adders
  6 river rats (Sewer)
  3 shadow imps
  2 white imps
  2 ufetubi
  5 worms
  2 dart slugs
  35 orcs
  15 ball pythons
  7 endoplasms
  11 giant cockroaches
  8 goblins
  6 hobgoblins
  5 jackals
  8 kobolds
  5 quokkas
  12 bats
  6 frilled lizards
  4 rats
326 creatures vanquished.

Vanquished Creatures (collateral kills)
  A two-headed ogre (D:9)
  3 death yaks (IceCv)
  An orange demon (Lair:1)
  3 rime drakes
  3 polar bears
  2 slime creatures (D:12)
  A wraith (D:11)
  7 yaks
  A basilisk (D:11)
  3 orc warriors
  3 wolves (IceCv)
  3 centaurs (D:11)
  A bullfrog (D:8)
  A scorpion (D:10)
  2 killer bees (Gauntlet)
  4 orc priests
  An orc wizard (D:10)
  An orc (D:12)
41 creatures vanquished.

Vanquished Creatures (others)
  Pikel (D:4)
  12 hexers
  An orc wizard (D:7)
  4 ancestors
  9 fungi
  31 plants
58 creatures vanquished.

Grand Total: 425 creatures vanquished

Notes
Turn   | Place    | Note
-------+----------+-------------------------------------------
     0 | D:1      | cforsyth the Kobold Brigand began the quest for the Orb.
     0 | D:1      | Reached XP level 1. HP: 12/12 MP: 1/1
   159 | D:1      | Reached XP level 2. HP: 13/18 MP: 2/2
   626 | D:1      | Reached XP level 3. HP: 22/22 MP: 3/3
  1583 | D:3      | Identified the +0 ring mail of Misanthropy {rN+}
  1622 | D:3      | Reached XP level 4. HP: 17/27 MP: 4/4
  1689 | D:3      | Found a glowing drain.
  1705 | D:3      | Reached skill level 6 in Stealth
  1708 | Sewer    | Entered a sewer
  1930 | Sewer    | Reached XP level 5. HP: 32/32 MP: 5/5
  2584 | D:3      | Found a large runed translucent door.
  2585 | D:3      | Found a large runed translucent door.
  2614 | D:3      | Identified the ring "Obur" {rF+ Will- rCorr Int+4 Slay+3}
  2770 | D:3      | Reached XP level 6. HP: 37/37 MP: 6/6
  3209 | D:3      | Found a faded altar of an unknown god.
  3292 | D:3      | Found an ancient bone altar of Kikubaaqudgha.
  3303 | D:3      | Found a white marble altar of Elyvilon.
  3371 | D:4      | You fall into a shaft and drop 3 floors!
  3394 | D:7      | Noticed a water moccasin
  3398 | D:7      | Killed a water moccasin
  3399 | D:7      | Reached skill level 5 in Short Blades
  3399 | D:7      | Reached skill level 7 in Stealth
  3415 | D:7      | Found a broken altar of Ashenzari.
  3427 | D:7      | Noticed Dowan
  3567 | D:7      | Noticed Duvessa
  3586 | D:7      | Reached XP level 7. HP: 32/44 MP: 7/7
  3755 | D:7      | Found Qeokoxi's Jewellery Shoppe.
  4075 | D:7      | Noticed a water moccasin
  4077 | D:7      | Killed a water moccasin
  4078 | D:7      | Reached skill level 5 in Fighting
  4078 | D:7      | Reached skill level 8 in Stealth
  4078 | D:7      | Reached XP level 8. HP: 49/49 MP: 8/8
  4089 | D:7      | Reached skill level 5 in Dodging
  4455 | D:5      | Entered Level 5 of the Dungeon
  4554 | D:5      | Identified the +0 whip of the Lurker {drain, rPois rCorr
                  | Stlth+}
  5002 | D:4      | Noticed Pikel
  5254 | D:4      | Noticed Menkaure
  5266 | D:4      | Killed Menkaure
  5267 | D:4      | Reached skill level 9 in Stealth
  5520 | D:4      | Found an ornate altar of the Wu Jian Council.
  5543 | D:4      | Killed Pikel
  5672 | D:4      | Reached XP level 9. HP: 55/55 MP: 9/9
  6062 | D:4      | Found a staircase to the Ecumenical Temple.
  6174 | Temple   | Entered the Ecumenical Temple
  6181 | Temple   | Became a worshipper of Hepliaklqana the Forgotten
  6545 | D:5      | Noticed Edmund
  6549 | D:5      | Killed Edmund
  6825 | D:5      | Reached skill level 10 in Stealth
  6988 | D:6      | Reached * piety under Hepliaklqana
  7493 | D:7      | Killed Dowan
  7509 | D:7      | Killed Duvessa
  8043 | D:8      | Noticed a deep elf pyromancer
  8047 | D:8      | Killed a deep elf pyromancer
  8048 | D:8      | Reached XP level 10. HP: 56/56 MP: 10/10
  8120 | D:8      | Noticed Grum
  8173 | D:8      | HP: 2/56 [wolf[Grum] (8)]
  8182 | D:8      | Reached skill level 11 in Stealth
  8189 | D:8      | HP: 1/57 [wolf[Grum] (3)]
  8564 | D:8      | Killed Grum
  8850 | D:8      | Noticed Psyche
  8854 | D:8      | Killed Psyche
  8947 | D:8      | Reached ** piety under Hepliaklqana
  8948 | D:8      | Remembered your ancestor Cuahtemoc as a hexer
  8993 | D:8      | Found a radiant altar of Vehumet.
  9535 | D:9      | Reached skill level 10 in Short Blades
  9554 | D:10     | Entered Level 10 of the Dungeon
  9844 | D:10     | Reached skill level 12 in Stealth
 10181 | D:9      | Reached *** piety under Hepliaklqana
 10194 | D:9      | Found a burning altar of Makhleb.
 10196 | D:9      | Noticed a cacodemon
 10197 | D:9      | Noticed a smoke demon
 10465 | D:9      | Noticed a two-headed ogre
 10476 | D:9      | Killed a two-headed ogre
 10477 | D:9      | Reached XP level 11. HP: 60/63 MP: 11/11
 10922 | D:10     | Found a shadowy altar of Dithmenos.
 11167 | D:10     | Found a snail-covered altar of Cheibriados.
 11554 | D:10     | Reached skill level 10 in Dodging
 11840 | D:10     | Found a staircase to the Orcish Mines.
 12112 | D:10     | Reached skill level 13 in Stealth
 12319 | D:10     | Found a shimmering blue altar of Sif Muna.
 12467 | D:11     | Noticed a green ugly thing
 12481 | D:11     | Killed a green ugly thing
 12610 | D:11     | Found a gate leading to a gauntlet.
 12616 | Gauntlet | Entered a Gauntlet
 12622 | Gauntlet | Found a transporter.
 12626 | Gauntlet | Noticed a quicksilver ooze
 12647 | Gauntlet | Reached **** piety under Hepliaklqana
 12647 | Gauntlet | Noticed an entropy weaver
 12658 | Gauntlet | Found a transporter.
 12688 | Gauntlet | Found a transporter.
 12692 | Gauntlet | Noticed a large abomination
 12705 | Gauntlet | Found a transporter.
 12731 | Gauntlet | Found a transporter.
 12745 | Gauntlet | Found a transporter.
 12745 | Gauntlet | Noticed a wizard
 12770 | Gauntlet | Found a transporter.
 12795 | Gauntlet | Found a transporter.
 12819 | Gauntlet | Found a transporter.
 12819 | Gauntlet | Found a transporter.
 12965 | Gauntlet | Found a transporter.
 13089 | Gauntlet | Found a transporter.
 13417 | Gauntlet | Killed a wizard
 13418 | Gauntlet | Reached skill level 10 in Fighting
 13689 | Gauntlet | Identified the +7 shortbow "Gram" {antimagic, rF+ rC+ Will-
                  | Dex+2}
 13689 | Gauntlet | Identified the +4 quarterstaff of Moral Flaws {venom, rPois
                  | rC+}
 13689 | Gauntlet | Identified the ring of Anarchy {rN++ Will+ Int+3}
 13689 | Gauntlet | Noticed a minotaur
 13699 | Gauntlet | Killed a minotaur
 14121 | D:11     | Found Tietot's Antique Weapon Boutique.
 14219 | D:11     | Noticed a boulder beetle
 14223 | D:11     | Killed a boulder beetle
 14224 | D:11     | Reached XP level 12. HP: 70/70 MP: 12/12
 14246 | D:11     | Reached skill level 14 in Stealth
 14374 | D:11     | Found a staircase to the Lair.
 14773 | D:11     | Reached ***** piety under Hepliaklqana
 15599 | D:12     | Noticed a boulder beetle
 15997 | D:12     | Reached skill level 15 in Stealth
 16111 | D:12     | Killed a boulder beetle
 16377 | D:12     | Reached XP level 13. HP: 75/75 MP: 13/13
 16666 | Lair:1   | Entered Level 1 of the Lair of Beasts
 16671 | Lair:1   | Found a shimmering blue altar of Sif Muna.
 17028 | Lair:1   | Noticed Amaemon
 17044 | Lair:1   | Killed Amaemon
 17556 | Lair:2   | Found a frozen archway.
 17560 | Lair:2   | Reached skill level 16 in Stealth
 17573 | IceCv    | Entered an ice cave
 18396 | IceCv    | Reached skill level 15 in Short Blades
 18434 | IceCv    | Noticed a frost giant
 18617 | IceCv    | Reached XP level 14. HP: 57/82 MP: 14/14
 19157 | IceCv    | Slain by a frost giant

Illustrated notes

Levels and vault maps discovered:
D:1:      lemuel_arrival_cross, layout_basic
D:2:      layout_rooms
D:3:      layout_rooms, jmf_multi_god_temple2, shapermc_ecumenical_altar_ellora,
          gup_sewer_entry_bubbles
D:4:      layout_loops_corners, nicolae_wu_jian_immortal_techniques,
          lemuel_temple_firewalk_b, uniq_menkaure, uniq_pikel
D:5:      layout_loops_corners, uniq_edmund
D:6:      layout_basic
D:7:      layout_basic, mainiacjoe_overflow_surrounded_room, serial_shops,
          shop_fountains, uniq_duvessa
D:8:      layout_loops_cross, mainiacjoe_overflow_small_starburst,
          palyth_stone_intersect, sigmund_army, uniq_grum, uniq_psyche
D:9:      layout_loops_corners, makhleb_altar_promises_db
D:10:     old_forge, layout_irregular_city, kennysheep_mini,
          mainiacjoe_overflow_cross_hatched, nicolae_sif_muna_little_library,
          minmay_orc_entry_temple_small
D:11:     layout_irregular_city, david_lair_generic, gauntlet_entry_generic,
          serial_shops, nicolae_shop_hallway_plus
D:12:     layout_gridville, minivault_23, minmay_misc_feat_encased
Temple:   nicolae_temple_ecumenical_triangle
Lair:1:   layout_cave_pods, basic_altar, uniq_amaemon
Lair:2:   layout_layer_cave, elwin_shoals_entry_stream, portal_ice_cave_rime,
          serial_bayou_pond_b, infiniplex_staircase_pool_2
IceCv:    ice_cave_small_giant

Skill      XL: |  1  2  3  4  5  6  7  8  9 10 11 12 13 |
---------------+----------------------------------------+-----
Short Blades   | 3 4 5 6 7 9 10 12 13 15 | 15.1
Dodging        | 2 3 4 6 8 9 11 12 13 | 13.8
Stealth        | 6 7 8 9 10 12 13 15 16 | 16.9
Fighting       | 3 4 5 6 7 9 10 11 12 | 12.9
Throwing       | |  2.1

Action                     |  1- 3 |  4- 6 |  7- 9 | 10-12 | 13-15 || total
---------------------------+-------+-------+-------+-------+-------++-------
  Melee: Dagger            |    27 |       |       |       |       ||    27
         Short sword       |    68 |   232 |   421 |   766 |   525 ||  2012
         Punch             |       |     2 |     3 |    14 |    12 ||    31
 Invoke: Ancestor Life: He |       |       |       |     1 |       ||     1
         Recall Ancestor   |       |       |       |       |     1 ||     1
    Use: Scroll            |     1 |       |    18 |     6 |     6 ||    31
         Potion            |       |     1 |       |     7 |     3 ||    11
   Stab: Sleeping          |    22 |    14 |    30 |    16 |    13 ||    95
         Distracted        |     1 |       |       |    17 |     7 ||    25
         Confused          |       |       |       |    22 |    10 ||    32
         Invisible         |       |       |       |     2 |       ||     2
 Armour: Robe              |     6 |    77 |    76 |   121 |       ||   280
         Troll leather arm |       |       |       |    25 |    87 ||   112
  Dodge: Dodged            |    26 |   237 |   261 |   599 |   351 ||  1474

Table legend: (Time is in decaauts)
 A = Elapsed time spent in this place.
 B = Non-inter-level travel time spent in this place.
 C = Inter-level travel time spent in this place.
 D = Time resting spent in this place.
 E = Time spent auto-exploring this place.
 F = Levels seen in this place.
 G = Mean time per level.
                   A        B        C        D        E       F      G
               +--------+--------+--------+--------+--------+-----+--------+
         Total |  18518 |  17813 |    705 |   2253 |  11859 |  18 | 1028.8 |
       Dungeon |  13818 |  13179 |    639 |   1160 |   9599 |  12 | 1151.5 |
        Temple |     86 |     69 |     17 |      0 |     56 |   1 |   86.0 |
          Lair |    866 |    818 |     48 |      0 |    659 |   2 |  433.0 |
         Sewer |    943 |    943 |      0 |      0 |    641 |   1 |  943.0 |
      Ice Cave |   1373 |   1373 |      0 |    496 |    503 |   1 | 1373.0 |
      Gauntlet |   1429 |   1429 |      0 |    596 |    400 |   1 | 1429.0 |
               +--------+--------+--------+--------+--------+-----+--------+

Top non-repeatable levels by time:
     D:7: 1714 daAuts
     D:4: 1605 daAuts
    D:10: 1574 daAuts
     D:9: 1473 daAuts
Gauntlet: 1429 daAuts
    D:11: 1392 daAuts
   IceCv: 1373 daAuts
    D:12: 1047 daAuts
     D:1: 972 daAuts
     D:8: 970 daAuts
     D:5: 965 daAuts
   Sewer: 943 daAuts
  Lair:1: 805 daAuts
     D:3: 789 daAuts
     D:6: 752 daAuts
